 Dungeon Crawl Stone Soup version 0.28-a0-821-g923ab73998 (webtiles) character file.

Game seed: 236684285774572021

65 Avanven the Scratcher (level 3, -1/17 HPs)
             Began as a Felid Chaos Knight on Nov 9, 2021.
             Was a Plaything of Xom.
             Shot with a stone by a goblin (3 damage)
             ... led by Robin
             ... on level 2 of the Dungeon.
             The game lasted 00:02:41 (1375 turns).

Avanven the Scratcher (Felid Chaos Knight)          Turns: 1375, Time: 00:02:42

Health: -1/17      AC:  1    Str:  9    XL:     3   Next: 92%
Magic:  13/13      EV: 17    Int: 13    God:    Xom [......]
Gold:   49         SH:  0    Dex: 15    Spells: 2/2 levels left
                                        Lives:  0   Deaths: 0

rFire   . . .      SeeInvis +     - Unarmed
rCold   . . .      Faith    .   (shield unavailable)
rNeg    . . .      Spirit   .   (armour unavailable)
rPois   .          Reflect  .   (helmet unavailable)
rElec   .          Harm     .   (cloak unavailable)
rCorr   .          Rampage  .   (gloves unavailable)
Will    .....                   (boots unavailable)
Stlth   +.........              (no amulet)
HPRegen 0.05/turn               e - ring of magical power
MPRegen 0.13/turn               (no ring)

@: hasted, very quick
A: very small, claws 1, fangs 3, see invisible, speed 1, shaggy fur 1, stealthy
paws, no weapons or thrown items, no armour, multi-lived, sense surroundings 1
a: Renounce Religion


You were on level 2 of the Dungeon.
You worshipped Xom.
You were a very special plaything of Xom.
You visited 1 branch of the dungeon, and saw 2 of its levels.

You collected 49 gold pieces.

Inventory:

Jewellery
 e - a ring of magical power (left paw)
Wands
 d - a wand of flame (22)
Scrolls
 b - 3 scrolls of identify {unknown}
Potions
 a - a potion of ambrosia {unknown}
 c - a potion of haste
 f - a potion of flight {unknown}


   Skills:
 - Level 3.0 Fighting
 - Level 3.2 Dodging
 + Level 4.9 Unarmed Combat


You had 2 spell levels left.
You didn't know any spells.
Your spell library was empty.

Dungeon Overview and Level Annotations

Branches:
Dungeon (2/15)

Altars:

Shops:
D:1 (

Annotations:
D:2 Robin


Innate Abilities, Weirdness & Mutations

You have sharp claws.
You have razor-sharp teeth.
You have supernaturally acute eyesight. (SInv)
You cover ground quickly. (Speed+)
You are covered in fur. (AC +1)
Your paws help you pounce on unaware monsters.
You are incapable of wielding weapons or throwing items.
You cannot wear armour.
You gain extra lives every three experience levels.
You passively map a small area around you.


Message History

The hobgoblin completely misses your butterfly.
The goblin completely misses your butterfly.
Robin throws the goblin at you!
* * * LOW HITPOINT WARNING * * *
The goblin misses something.
The goblin misses your butterfly.
Xom's power brushes against you for a moment.
Your body is suffused with distortional energy.
You feel weaker.
Your thinking seems confused.
You are now a very special plaything of Xom.
Robin throws the goblin at you!
* * * LOW HITPOINT WARNING * * *
You scratch the goblin.
The goblin is moderately wounded.
The goblin misses you.
You claw the goblin!
You kill the goblin! "This might be better!"
Robin evaporates and reforms as an iguana!
The goblin hits your butterfly with a +0 dagger.
Your butterfly dies!
Your butterfly disappears in a puff of smoke!
The goblin closely misses you.
It was a potion of haste.
You feel yourself speed up.
Xom roars with laughter!
Xom twists space around you.
Your surroundings suddenly seem different.
Your surroundings suddenly seem different.
Found a white potion and 18 gold pieces.
Your surroundings suddenly seem different.
Your surroundings suddenly seem different.
Your surroundings seem slightly different.
Your surroundings suddenly seem different.
Your surroundings seem slightly different.
Your surroundings suddenly seem different.
You stumble into a teleport trap!
You are suddenly yanked towards a nearby monster!
Your surroundings suddenly seem different.
The goblin shoots a stone.
The stone hits you.
You die... "What!?
That's it?"

#....).g.g.l....# #...,
,,. ########g##...#.#
#.##* *** * ***###.##.###
# ,# * ,,....#..,,, *.#
*<* **##..#.##*#####.#
*,* #.§#.####.....# * *,
####...........g.####***
,
,.............<.g.gggg,,,
* *#..###@####.###g.g.g
,, * *,* #.. #§......#
**###*** , *,* ##.
*#.####.## * * *# ,,..#
##* * , ,,,,,.### ******
*##


You could see a goblin (strong).

Vanquished Creatures
  Terence (D:2)
  An adder (D:2)
  4 endoplasms
  6 goblins
  5 jackals (D:1)
  A quokka (D:1)
  4 ball pythons
  A bat (D:2)
  2 frilled lizards
  A kobold (D:2)
  3 rats
29 creatures vanquished.

Notes
Turn   | Place    | Note
-------+----------+-------------------------------------------
     0 | D:1      | Avanven the Felid Chaos Knight began the quest for the Orb.
     0 | D:1      | Reached XP level 1. HP: 10/10 MP: 2/2
    82 | D:1      | XOM: silly message
   371 | D:1      | Found a faded altar of an unknown god.
   391 | D:1      | XOM is BORED!
   391 | D:1      | XOM: silly message
   570 | D:1      | Found Jeapn's Antique Weapon Emporium.
   586 | D:1      | XOM: smoke on damage
   588 | D:1      | Reached XP level 2. HP: 11/14 MP: 3/3
   639 | D:1      | XOM: noise
   789 | D:1      | XOM: give mutations
   789 | D:1      | Gained mutation: You possess an exceptional clarity of
                  | mind. [Xom's grace]
   789 | D:1      | Gained mutation: You passively map a small area around you.
                  | [Xom's grace]
   789 | D:1      | Gained mutation: Your muscles are strong. (Str +2) [Xom's
                  | grace]
   969 | D:2      | XOM: noise
   969 | D:2      | Noticed Robin
   969 | D:2      | XOM: divination: magic mapping
  1040 | D:2      | Reached skill level 4 in Unarmed Combat
  1104 | D:2      | XOM: god gift: scroll labelled EDGHORGH INISH {god gift}
  1145 | D:2      | Noticed Terence
  1145 | D:2      | XOM: cast spell 'Olgreb's Toxic Radiance'
  1146 | D:2      | XOM: enchant monster (good)
  1151 | D:2      | Killed Terence
  1152 | D:2      | Reached XP level 3. HP: 17/17 MP: 4/4
  1365 | D:2      | XOM: butterfly on damage
  1370 | D:2      | XOM: give mutations
  1370 | D:2      | Lost mutation: Your muscles are strong. (Str +2) [Xom's
                  | mischief]
  1370 | D:2      | Lost mutation: You possess an exceptional clarity of mind.
                  | [Xom's mischief]
  1373 | D:2      | Noticed Robin
  1373 | D:2      | Robin changed into Robin the iguana
  1373 | D:2      | XOM: polymorph Robin -> Robin the iguana
  1374 | D:2      | XOM: 8-stop teleportation journey
  1375 | D:2      | Shot with a stone by a goblin

Illustrated notes

Levels and vault maps discovered:
D:1:      eino_arrival_druids_welcome, layout_basic,
          shapermc_ecumenical_altar_flowoftime, serial_shops, nicolae_shop_stone
D:2:      layout_loops_ring, uniq_terence, uniq_robin

Skill      XL: |  1  2 |
---------------+-------+-----
Unarmed Combat | 4 |  4.9
Fighting       | |  3.0
Dodging        | |  3.2

Action                   || total
-------------------------++-------
Melee: Unarmed           ||    58
       Bite              ||     4
       Punch             ||     1
  Use: Scroll            ||     1
       Potion            ||     1
 Stab: Sleeping          ||     2
       Paralysed         ||     2
Armor: Skin              ||     1
Dodge: Dodged            ||    46

Table legend: (Time is in decaauts)
 A = Elapsed time spent in this place.
 B = Non-inter-level travel time spent in this place.
 C = Inter-level travel time spent in this place.
 D = Time resting spent in this place.
 E = Time spent auto-exploring this place.
 F = Levels seen in this place.
 G = Mean time per level.
                   A        B        C        D        E       F      G
               +--------+--------+--------+--------+--------+-----+--------+
         Total |   1208 |   1151 |     57 |    350 |    593 |   2 |  604.0 |
       Dungeon |   1208 |   1151 |     57 |    350 |    593 |   2 |  604.0 |
               +--------+--------+--------+--------+--------+-----+--------+

Top non-repeatable levels by time:
     D:1: 897 daAuts
     D:2: 311 daAuts
